Map: 프록시마 정거장 - 래더

Players

uThermal

  • Race: Terran Terran
  • Spawn Location: 1:00

Dark - Winner!

  • Race: Zerg Zerg
  • Spawn Location: 7:00

Event: IEM XI Katowice - World Championship 2017

VOD

Have the link to the VOD?

Description

Time

  • Played on: March 3, 2017, 1:29 p.m.
  • Length: 10:47

All games in this series

Show
View Real Time Build Order
Export as new Build Order

uThermal Terran 

Build Orders: Reaper Expand, MMM Bio 

Get SALT Encoding   

  12  0:01  SCV  
  13  0:13  SCV  
  14  0:18  Supply Depot  
  14  0:25  SCV  
  15  0:40  SCV  
  15  0:41  Barracks  
  16  0:44  Refinery  
  16  0:52  SCV  
  17  1:04  SCV  
  18  1:16  SCV  
  19  1:28  Reaper, Orbital Command  
  20  1:41  Command Center  
  20  1:52  Barracks  
  20  1:54  SCV  
  20  2:00  Barracks Reactor  
  21  2:06  SCV  
  22  2:13  Supply Depot  
  22  2:18  SCV  
  22  2:20  Refinery  
  23  2:34  SCV  
  23  2:36  Marine  
  23  2:37  Marine, Factory  
  25  2:39  Barracks Tech Lab  
  26  2:46  SCV  
  27  2:53  Orbital Command  
  27  2:54  Marine x2  
  29  2:59  Stimpack  
  29  3:01  SCV  
  29  3:05  Marine  
  31  3:12  Marine x2  
  32  3:13  SCV  
  34  3:20  SCV  
  34  3:25  SCV, Starport  
  36  3:27  Factory Reactor  
  36  3:29  Marine  
  36  3:31  Marine  
  38  3:34  Marine  
  38  3:39  SCV  
  38  3:41  Supply Depot, SCV  
  41  3:50  Marine  
  41  3:51  Marine, SCV  
  41  3:53  SCV  
  45  3:58  Supply Depot, Marine  
  46  4:03  SCV  
  46  4:05  SCV  
  48  4:10  Medivac x2  
  48  4:11  Marine x2  
  54  4:19  Marine  
  54  4:20  Supply Depot, SCV  
  54  4:22  SCV  
  57  4:29  Marine  
  58  4:32  Engineering Bay  
  58  4:33  Engineering Bay  
  58  4:35  SCV  
  58  4:36  Marine  
  58  4:38  Marine  
  61  4:46  SCV  
  61  4:47  Supply Depot, SCV, Refinery  
  61  4:49  Marine  
  64  4:55  Marine  
  64  4:56  Marine  
  64  4:58  Terran Infantry Weapons Level 1, SCV  
  64  4:59  Terran Infantry Armor Level 1, SCV  
  68  5:06  Marine  
  68  5:11  SCV x2  
  68  5:13  Marine x2  
  70  5:15  Combat Shields  
  70  5:23  SCV x2  
  70  5:24  Marine, Supply Depot  
  73  5:30  Command Center  
  73  5:32  Marine  
  73  5:34  Marine  
  73  5:35  SCV x2  
  77  5:42  Marine  
  78  5:46  Medivac x2  
  78  5:47  Supply Depot, SCV  
  83  5:53  Factory Reactor  
  83  5:54  Marine, Barracks  
  83  5:56  Marine  
  85  6:02  Marine, Armory  
  86  6:09  SCV x2  
  88  6:14  Supply Depot  
  88  6:16  Marine x2  
  90  6:20  Marine  
  90  6:21  SCV x2  
  93  6:33  SCV  
  93  6:35  Marine x2  
  93  6:37  Barracks  
  93  6:38  Barracks  
  96  6:41  Factory Reactor  
  96  6:43  Liberator x2, SCV  
  96  6:44  Marine  
  98  6:48  SCV  
  98  6:53  Marine  
  78  6:54  Marine x2  
  78  6:59  Orbital Command  
  86  7:04  SCV  
  86  7:05  Marine, SCV, Refinery  
  89  7:10  Terran Infantry Weapons Level 2  
  89  7:18  SCV  
  89  7:22  Marine x2, SCV  
  91  7:25  Widow Mine x2  
  91  7:27  Unknown, Barracks Reactor x2  
  91  7:29  Orbital Command  
  97  7:30  SCV  
  97  7:31  Marine  
  97  7:32  Marine  
  97  7:34  Marine, SCV  
  102  7:40  Marine, Supply Depot  
  102  7:42  SCV  
  102  7:43  Marine  
  105  7:49  Marine x2  
  106  7:53  Terran Infantry Armor Level 2  
  106  7:54  SCV  
  107  7:58  Marine  
  107  7:59  Marine  
  107  8:03  Marine, Supply Depot  
  107  8:04  Marine x2  
  107  8:05  Marine  
  113  8:07  Marine  
  113  8:11  Marine  
  116  8:16  Marine  
  116  8:17  Widow Mine x2  
  120  8:20  Marine  
  120  8:23  Barracks x2  
  120  8:26  Marine x2  
  123  8:27  Supply Depot  
  123  8:29  Supply Depot, Marine  
  123  8:31  Missile Turret  
  123  8:33  Missile Turret  
  123  8:34  Marine  
  125  8:35  Marine x2  
  125  8:37  Marine  
  123  8:42  Supply Depot  
  123  8:43  Supply Depot  
  123  8:44  Medivac  
  123  8:46  Widow Mine, Medivac  
  126  8:49  Marine x3  
  126  8:50  Marine  
  126  8:51  Marine  
  126  8:53  Widow Mine  
  133  8:56  Marine  
  133  8:57  Supply Depot  
  133  8:59  Marine  
  133  9:01  Marine  
  134  9:03  Marine  
  134  9:06  Marine x2  
  134  9:08  Marine x2  
  136  9:11  Barracks Reactor  
  136  9:12  Barracks Reactor  
  136  9:14  Widow Mine, Medivac  
  136  9:15  Marine x2  
  142  9:17  Marine  
  142  9:19  Marine  
  142  9:21  Widow Mine  
  142  9:22  Marine  
  142  9:23  Supply Depot  
  147  9:24  Marine  
  140  9:38  Marine  
  140  9:43  Widow Mine, Medivac  
  140  9:48  Marine  
  140  9:50  Widow Mine  
  131  9:57  Marine x2  
  131  9:58  Marine x5  
  106  10:00  Marine, Medivac  
  106  10:01  Marine x2  
  106  10:02  Marine x2  
  106  10:05  Marine  
  106  10:11  Widow Mine  
  103  10:15  Marine x3  
  103  10:16  Marine x2  
  103  10:19  Marine  
  103  10:20  Marine  
  112  10:22  Marine  
Show
View Real Time Build Order
Export as new Build Order

Dark Zerg - Winner!

Build Orders: Pool First, Muta Ling Bane 

Get SALT Encoding   

  12  0:00  Drone  
  13  0:12  Overlord  
  13  0:17  Drone  
  14  0:30  Drone  
  14  0:31  Drone  
  16  0:37  Drone  
  17  0:45  Extractor  
  17  0:48  Drone  
  17  0:52  Spawning Pool  
  17  0:56  Drone  
  17  1:07  Drone  
  18  1:20  Hatchery  
  18  1:23  Drone  
  18  1:29  Drone  
  19  1:38  Queen  
  21  1:40  Zergling x2  
  21  1:46  Metabolic Boost  
  22  1:53  Overlord  
  22  2:13  Drone x2  
  22  2:14  Queen  
  26  2:31  Queen  
  26  2:35  Drone  
  26  2:36  Overlord  
  29  2:41  Drone  
  29  2:43  Zergling x2  
  31  2:44  Drone  
  31  2:49  Drone x3  
  34  3:00  Drone x2  
  36  3:07  Overlord  
  36  3:09  Drone  
  37  3:14  Drone  
  37  3:19  Drone x3  
  42  3:20  Drone  
  42  3:28  Drone  
  43  3:34  Drone  
  43  3:35  Drone x3  
  43  3:40  Hatchery  
  46  3:46  Queen x2  
  50  3:51  Overlord  
  50  3:53  Drone x2  
  50  3:55  Extractor  
  50  3:56  Drone  
  51  4:04  Overlord  
  51  4:10  Drone x3  
  51  4:12  Drone x2  
  56  4:17  Evolution Chamber x2  
  56  4:22  Queen x2  
  58  4:27  Zergling x8  
  58  4:30  Zergling x4  
  64  4:35  Zergling x6  
  67  4:43  Zerg Melee Weapons Level 1, Zerg Ground Armor Level 1  
  67  4:50  Drone, Baneling Nest  
  67  4:51  Overlord  
  67  4:54  Overlord  
  67  4:58  Zergling x4  
  70  5:00  Zergling x4  
  70  5:02  Drone  
  72  5:12  Zergling x6  
  72  5:13  Zergling x2  
  73  5:15  Drone x2  
  73  5:16  Drone  
  73  5:19  Drone  
  76  5:21  Lair  
  76  5:22  Queen  
  76  5:27  Drone x2  
  80  5:31  Drone  
  80  5:34  Baneling x5  
  81  5:36  Zergling x4  
  81  5:42  Drone  
  84  5:46  Drone x2  
  86  5:52  Drone x3  
  86  5:53  Overlord  
  86  5:54  Overlord  
  89  5:58  Overlord  
  89  6:01  Overlord  
  89  6:05  Overlord  
  89  6:08  Extractor  
  89  6:10  Extractor  
  88  6:11  Zergling x8  
  88  6:12  Hatchery, Baneling x3, Extractor x2  
  88  6:16  Drone  
  89  6:23  Drone x3  
  89  6:24  Zergling x8  
  96  6:26  Centrifical Hooks  
  96  6:31  Drone x2  
  98  6:33  Overseer  
  98  6:34  Overlord  
  98  6:37  Drone x2  
  100  6:43  Spire  
  90  6:55  Zergling x20  
  100  7:04  Zerg Melee Weapons Level 2  
  100  7:05  Zerg Ground Armor Level 2  
  100  7:07  Drone  
  101  7:11  Drone x4  
  101  7:12  Drone  
  105  7:20  Hatchery  
  105  7:21  Overlord  
  104  7:27  Drone x2  
  104  7:28  Zergling x10  
  104  7:29  Zergling x2  
  112  7:30  Baneling x2  
  112  7:33  Zergling x4  
  114  7:37  Pneumatized Carapace  
  114  7:46  Zergling x6  
  114  7:47  Zergling x14  
  124  8:02  Mutalisk x7  
  124  8:05  Drone x2  
  140  8:07  Zerg Flyer Weapons Level 1  
  140  8:10  Baneling x4  
  140  8:11  Drone  
  141  8:13  Drone x2  
  141  8:19  Baneling x2  
  143  8:30  Mutalisk x2  
  143  8:34  Zergling x6, Drone x2  
  149  8:35  Zergling x12  
  156  8:47  Overlord x4  
  145  9:05  Mutalisk x6  
  145  9:07  Zergling x2  
  145  9:08  Zergling x24  
  161  9:12  Baneling x6  
  161  9:16  Extractor  
  160  9:18  Drone  
  160  9:22  Mutalisk  
  163  9:24  Mutalisk  
  163  9:26  Zergling x4  
  163  9:27  Zergling x18  
  173  9:36  Mutalisk x2  
  173  9:38  Zergling x16  
  185  9:41  Overseer  
  182  9:49  Zergling x16  
  182  9:50  Zergling x2  
  174  9:56  Mutalisk x3  
  174  9:58  Zergling x6  
  161  10:00  Zergling x2  
  161  10:01  Zergling x6  
  161  10:02  Mutalisk  
  166  10:10  Zergling x14  
  167  10:16  Hatchery, Baneling x11  
  167  10:19  Zergling x4  
  167  10:20  Zergling x2  
  168  10:21  Zergling x4  

Tags
 
Add a new tag
Caveats
  • Supply blocks, unpowered buildings, or Contaminate may cause inaccurate times.
  • Supply counts are checked every 10 seconds.